 Dungeon Crawl Stone Soup version 0.18.1-48-g4cf74bf (console) character file.

1693 Kloppie the Skirmisher (level 9, -13/72 HPs)
             Began as a Human Fighter on Sept 13, 2016.
             Was an Elder of Ru.
             Mangled by an ogre
             ... wielding a +0 giant spiked club
              (21 damage)
             ... on level 6 of the Dungeon.
             The game lasted 00:13:16 (5967 turns).

Kloppie the Skirmisher (Human Fighter)              Turns: 5967, Time: 00:13:17

Health: -13/72     AC: 13    Str: 21    XL:     9   Next: 22%
Magic:  9/9        EV:  7    Int:  8    God:    Ru [****..]
Gold:   256        SH: 11    Dex: 17    Spells: 0 memorised, 8 levels left

rFire  x . .     SeeInvis .     a - +1 flail
rCold  x . .     Gourm    +     b - +0 scale mail
rNeg   . . .     Faith    .     c - +0 shield
rPois  .         Spirit   .     (no helmet)
rElec  .         Dismiss  .     p - +0 cloak
rCorr  +         Reflect  .     m - +1 pair of gloves
SustAt .         Harm     .     (no boots)
MR     .....                    G - amulet of the gourmand
Stlth  ..........               z - +4 ring of protection
                                t - ring of resist corrosion

@: mighty, drained, not resistant to hostile enchantments, extremely unstealthy
A: no earth magic, no hexes magic, no translocations magic, temperature
sensitive
a: Draw Out Power, Power Leap, Renounce Religion


You were on level 6 of the Dungeon.
You worshipped Ru.
Ru was greatly pleased with you.
You were completely stuffed.

You visited 1 branch of the dungeon, and saw 6 of its levels.

You collected 278 gold pieces.
You spent 22 gold pieces at shops.

Inventory:

Hand Weapons
 a - a +1 flail (weapon)
Armour
 b - a +0 scale mail (worn)
 c - a +0 shield (worn)
 m - a +1 pair of gloves (worn)
 p - a +0 cloak (worn)
Jewellery
 t - a ring of resist corrosion (left hand)
 z - a +4 ring of protection (right hand)
 G - an amulet of the gourmand (around neck)
 L - a cursed -2 ring of intelligence
Wands
 i - a wand of iceblast (0/15)
 o - a wand of iceblast (5/15)
 I - a wand of teleportation (4/9)
Scrolls
 j - 2 scrolls of fog
 l - a scroll of magic mapping {unknown}
 n - a scroll of enchant armour
 r - 2 scrolls of enchant weapon
 u - a scroll of immolation
 w - a scroll of teleportation
 y - a scroll of silence {unknown}
 A - a scroll of remove curse
 B - a scroll of fear {unknown}
 K - a scroll of blinking {unknown}
Potions
 e - 2 potions of brilliance
 g - a potion of haste
 k - a potion of magic
 q - a potion of cure mutation
 s - 4 potions of curing
 C - a potion of lignification
 D - a potion of cancellation {unknown}
 H - 2 potions of ambrosia {unknown}
 J - a potion of resistance {unknown}
Comestibles
 f - 3 bread rations
 h - a slice of pizza
 v - a royal jelly
 x - a meat ration
 F - a beef jerky


   Skills:
 + Level 7.2(6.0) Fighting
 + Level 6.4(5.3) Maces & Flails
 - Level 3.0(1.9) Armour
 + Level 7.2(6.0) Shields


You had 8 spell levels left.
You didn't know any spells.

Dungeon Overview and Level Annotations

Branches:
Dungeon (6/15)             Temple (0/1) D:4

Altars:
Cheibriados
Dithmenos
Fedhas
Gozag
Kikubaaqudgha
Makhleb
Nemelex Xobeh
Pakellas
Qazlal
Ru
Trog
Zin
The Shining One

Shops:
D:6 =(


Innate Abilities, Weirdness & Mutations

You cannot study or cast Earth magic.
You cannot study or cast Hexes magic.
You cannot study or cast Translocations magic.
You are sensitive to extremes of temperature (rF-, rC-).


Message History

You hit the ogre.
The ogre is heavily wounded.
The ogre barely misses you. The ogre hits you with a giant club!
* * * LOW HITPOINT WARNING * * *
You are too injured to fight recklessly!
You are too injured to fight recklessly!
Drink which item? (? for menu, Esc to quit)
You feel very mighty all of a sudden.
The ogre hits you with a giant spiked club!
* * * LOW HITPOINT WARNING * * *
Your shield and scale mail prevent you from hitting the ogre.
The ogre is heavily wounded.
The ogre hits you with a giant club!
* * * LOW HITPOINT WARNING * * *
You block the ogre's attack.
You sock the ogre!
The ogre is severely wounded.
You block the ogre's attack.
The ogre hits you with a giant spiked club!!
You die...

#..............# ##########
#...)..........# #.........
#..............# #....(..).
####..............# #.........
#.................# #.........
...................#####.........
.................................
...............OO................
................@..........).....
........#...####.................
#########...#............########
#...#............#
#...#............#
#...#............#
#...#............#
#...#............#
#...#............#


You could see 2 ogres.

Vanquished Creatures
  A sky beast (D:6)
  A phantom (D:4)
  A black bear (D:5)
  2 ogres (D:4)
  2 giant frogs (D:6)
  Blork the orc (D:4)
  A gnoll sergeant (D:5)
  2 scorpions
  6 crimson imps
  An orc priest (D:3)
  2 hounds (D:4)
  5 orc wizards
  Ijyb (D:3)
  6 worker ants
  12 adders
  8 gnolls
  4 oozes
  An adder skeleton (D:4)
  An adder zombie (D:6)
  2 worms
  A dart slug (D:5)
  4 giant geckos
  18 orcs
  A ball python (D:1)
  9 bats
  4 giant cockroaches
  8 goblins
  6 hobgoblins
  3 jackals (D:1)
  11 kobolds
  3 quokkas
  A giant gecko zombie (D:5)
  4 giant newts
  A jackal skeleton (D:4)
  6 rats
140 creatures vanquished.

Vanquished Creatures (others)
  A wyvern (D:5)
1 creature vanquished.

Grand Total: 141 creatures vanquished

Notes
Turn   | Place    | Note
--------------------------------------------------------------
     0 | D:1      | Kloppie the Human Fighter began the quest for the Orb.
     0 | D:1      | Reached XP level 1. HP: 18/18 MP: 1/1
   357 | D:1      | Reached XP level 2. HP: 24/24 MP: 2/2
   578 | D:1      | Found a sparkling altar of Nemelex Xobeh.
   770 | D:2      | Reached XP level 3. HP: 24/29 MP: 3/3
   933 | D:2      | Found a snail-covered altar of Cheibriados.
  1177 | D:2      | Reached XP level 4. HP: 31/37 MP: 4/4
  1473 | D:2      | Found a sacrificial altar of Ru.
  1632 | D:2      | Reached XP level 5. HP: 39/42 MP: 5/5
  1677 | D:2      | Became a worshipper of Ru the Awakened
  1731 | D:3      | Noticed Ijyb
  1748 | D:3      | Killed Ijyb
  2005 | D:3      | Found an ancient bone altar of Kikubaaqudgha.
  2182 | D:3      | Reached XP level 6. HP: 49/49 MP: 6/6
  2677 | D:4      | Reached skill level 5 in Shields
  2897 | D:4      | Reached XP level 7. HP: 35/55 MP: 7/7
  2940 | D:4      | Reached skill level 5 in Fighting
  3087 | D:4      | Gained mutation: You cannot study or cast Earth magic. [Ru sacrifice]
  3087 | D:4      | Gained mutation: You cannot study or cast Hexes magic. [Ru sacrifice]
  3087 | D:4      | Gained mutation: You cannot study or cast Translocations magic. [Ru sacrifice]
  3087 | D:4      | Reached * piety under Ru
  3158 | D:4      | Found a shadowy altar of Dithmenos.
  3535 | D:4      | Noticed Blork the orc
  3550 | D:4      | Killed Blork the orc
  3550 | D:4      | Reached XP level 8. HP: 55/64 MP: 8/8
  3947 | D:4      | Found a staircase to the Ecumenical Temple.
  4066 | D:5      | Entered Level 5 of the Dungeon
  4077 | D:5      | Reached skill level 5 in Maces & Flails
  4146 | D:5      | Found a burning altar of Makhleb.
  4211 | D:5      | Noticed a fire elemental
  4213 | D:5      | Found a stormy altar of Qazlal.
  4214 | D:5      | Noticed an air elemental
  4214 | D:5      | Noticed a water elemental
  4511 | D:5      | Found a blossoming altar of Fedhas.
  4678 | D:5      | Found an oddly glowing altar of Pakellas.
  4678 | D:5      | Noticed an orange crystal statue
  4679 | D:5      | Noticed a wyvern
  4693 | D:5      | Killed a wyvern
  4972 | D:6      | Reached XP level 9. HP: 68/71 MP: 9/9
  5358 | D:6      | Gained mutation: You are sensitive to extremes of temperature (rF-, rC-). [Ru sacrifice]
  5358 | D:6      | Reached ** piety under Ru
  5358 | D:6      | Reached *** piety under Ru
  5358 | D:6      | Reached **** piety under Ru
  5569 | D:6      | Found Aleu's Antique Weapon Boutique.
  5775 | D:6      | Found Doorymn's Jewellery Emporium.
  5778 | D:6      | Bought a cursed -2 ring of intelligence for 22 gold pieces
  5836 | D:6      | Found a glowing silver altar of Zin.
  5837 | D:6      | Found an opulent altar of Gozag.
  5890 | D:6      | Found a glowing golden altar of the Shining One.
  5890 | D:6      | Found a bloodstained altar of Trog.
  5967 | D:6      | Mangled by an ogre

Skill      XL: |  1  2  3  4  5  6  7  8  9 |
---------------+----------------------------+-----
Shields        | 4 5 6 7 |  7.2
Fighting       | 4 5 6 7 |  7.2
Maces & Flails | 3 4 6 |  6.4
Armour         | |  3.0

Action                   |  1- 3 |  4- 6 |  7- 9 || total
-------------------------+-------+-------+-------++-------
Melee: Flail             |    95 |   228 |   375 ||   698
Invok: Sacrifice Arcana  |       |       |     1 ||     1
       Sacrifice Resista |       |       |     1 ||     1
Evoke: Wand              |       |       |     4 ||     4
  Use: Scroll            |       |     4 |    10 ||    14
       Potion            |       |       |     3 ||     3
 Stab: Invisible         |       |       |     3 ||     3
  Eat: Chunk             |     1 |     6 |    26 ||    33
Armor: Scale mail        |    41 |   100 |   200 ||   341
Dodge: Dodged            |    33 |    55 |    90 ||   178
Block: Shield            |    45 |   122 |   174 ||   341
